[Event "51st La Roda Open 2025"]
[Site "La Roda"]
[Date "2025.04.19"]
[Round "8.18"]
[White "Portero Rubio, Martin"]
[Black "Ruiz Torrente, Pablo"]
[Result "1-0"]
[Annotator "NA"]
[ECO "C54"]
[WhiteElo "2125"]
[BlackElo "1895"]
[PlyCount "71"]
[EventDate "2025.04.15"]
[EventType "swiss"]
[EventCountry "ESP"]
[SourceTitle "playchess.com"]
[Source "ChessBase"]
[SourceQuality "1"]
[TimeControl "5400+30"]

1. e4 e5 2. Nf3 Nc6 3. Bc4 Nf6 4. d3 Bc5 5. c3 a6 6. a4 O-O 7. O-O d6 8. h3 Ba7 9. Re1 Ne7 10. d4 Ng6 11. Bf1 Re8 12. Nbd2 Be6 13. Qc2 c6 14. b3 exd4 15. cxd4 d5 16. e5 Ne4 17. Bd3 Nh4 18. Bb2 Nxd2 19. Nxh4 Qxh4 20. Qxd2 f5 21. f4 Kh8 22. Qf2 Qh5 23. Bc1 Bd7 24. Be3 Bb6 25. Be2 Qf7 26. g4 Qg6 27. Bd3 Qh6 28. gxf5 Qxh3 29. e6 g6 30. exd7 gxf5 31. dxe8=Q+ Rxe8 32. Bf1 Rg8+ 33. Bg2 Bd8 34. Kf1 Qh2 35. Bf3 Qh3+ 36. Ke2 1-0